 Dungeon Crawl Stone Soup version 0.31-a0-175-g9f7f995f2b (webtiles) character file.

Game seed: 13455870221399837633

273 qw the Shooter (level 6, -6/57 HPs)
             Began as a Naga Hunter on June 17, 2023.
             Mangled by a gnoll
             ... wielding a +0 whip
             ... led by a gnoll bouda
              (8 damage)
             ... on level 4 of the Dungeon.
             The game lasted 00:01:02 (2576 turns).

qw the Shooter (Naga Hunter)                        Turns: 2576, Time: 00:01:03

Health: -6/57      AC:  3    Str: 13    XL:     6   Next: 24%
Magic:  6/6        EV:  9    Int: 10    God:
Gold:   179        SH:  0    Dex: 16    Spells: 5/5 levels left

rFire   . . .        Y - +1 shortbow
rCold   . . .        (shield currently unavailable)
rNeg    . . .        c - +0 leather armour
rPois   +            (no helmet)
rElec   .            (no cloak)
rCorr   .            (no gloves)
SInv    +            (no barding)
Will    .....        (no amulet)
Stlth   ++           (no ring)
HPRegen 0.29/turn    (no ring)
MPRegen 0.10/turn

%: no passive effects
@: about to teleport, short of breath, very slow
A: AC +2, large, see invisible, deformed body, poison resistance, slowness 2,
spit poison 1, naga tail 1
a: Spit Poison


You were on level 4 of the Dungeon.
You visited 1 branch of the dungeon, and saw 4 of its levels.

You collected 265 gold pieces.
You spent 86 gold pieces at shops.


Innate Abilities, Weirdness & Mutations

Your serpentine skin is tough. (AC +2)
You have supernaturally acute eyesight. (SInv)
Armour fits poorly on your strangely shaped body.
Your system is resistant to poisons. (rPois)
You cover ground very slowly.
You can spit poison.
You have a snake-like lower body.


   Skills:
 + Level 3.6 Fighting
 - Level 6.0 Ranged Weapons
 - Level 1.5 Dodging
 - Level 1.5 Stealth


You had 5 spell levels left.
You didn't know any spells.
Your spell library was empty.

Inventory:

Hand Weapons
 Y - a +1 shortbow (weapon)
Armour
 c - a +0 leather armour (worn)
Scrolls
 e - a scroll of teleportation
 g - a scroll of poison {unknown}
 h - 2 scrolls of identify
Potions
 a - a potion of magic {unknown}
 b - a potion of haste {unknown}
 d - 3 potions of enlightenment
 f - a potion of lignification {unknown}
 i - a potion of invisibility {unknown}
 j - a potion of mutation {unknown}

Dungeon Overview and Level Annotations

Branches:
Dungeon (4/15)
 Temple: D:4-7

Altars:
The Shining One

Shops:
D:1 :[***

Annotations:
D:1 exclusion: endoplasm


Message History

You shoot an arrow. The gnoll shouts!
The arrow hits the gnoll.
The gnoll is almost dead.
The gnoll hits you but does no damage.
You shoot an arrow. The arrow hits the gnoll.
You kill the gnoll!
You shoot an arrow. The arrow closely misses the gnoll. x2
The gnoll barely misses you.
You shoot an arrow. The arrow barely misses the gnoll.
The arrow hits the gnoll!
The gnoll is heavily wounded.
You have got your breath back.
The gnoll hits you with a +0 whip!
2571 ||| INVOKING Spit Poison.
Aiming: Spit Poison (1% risk of failure)
Press: ? - help, Shift-Dir - straight line, f/p - gnoll The splash of poison hits the gnoll!
The gnoll is poisoned.
The gnoll is severely wounded.
The gnoll closely misses you.
You shoot an arrow. The arrow barely misses the gnoll.
The gnoll hits you with a +0 whip! The gnoll barely misses you.
You shoot an arrow.
The arrow hits the gnoll but does no damage.
The gnoll is severely wounded.
The gnoll hits you with a +0 whip! The gnoll hits you with a +0 whip.
You shoot an arrow. The arrow hits the gnoll.
The gnoll is almost dead.
You have got your breath back.
The gnoll hits you but does no damage. x2; The gnoll hits you with a +0 whip. x2
2575 ||| READING 2 scrolls of teleportation.
As you read the scroll of teleportation, it crumbles to dust.
You feel strangely unstable. The gnoll hits you with a +0 whip!
The gnoll hits you with a +0 whip.
2576 ||| INVOKING Spit Poison.
Aiming: Spit Poison (1% risk of failure)
Press: ? - help, Shift-Dir - straight line, f/p - gnoll The splash of poison hits the gnoll!
You kill the gnoll!
The gnoll hits you with a +0 whip!
You die...

. #########
#.######## #.......#
.........# #.......#
.>.......#
#.......###
.........##
#.........#
.......g..#
#......(#.#
.......)@.#
#.........#
...###.#..#
#........## #.#.##
#........# #g#.#
#..%.....# #.#.#
#........###
#.#.#####.#......#..
#g#...>......#.####.
#g########..#...##..
#..#.......


You could see a gnoll.

Vanquished Creatures
  A jelly (D:4)
  A gnoll bouda (D:4)
  2 orc wizards (D:3)
  5 gnolls
  5 adders
  3 dart slugs
  3 orcs (D:3)
  5 ball pythons
  8 endoplasms
  4 giant cockroaches
  4 goblins (D:1)
  6 hobgoblins
  10 kobolds
  A quokka (D:1)
  7 bats
  7 frilled lizards
  11 rats
83 creatures vanquished.

Notes
Turn   | Place    | Note
-------+----------+-------------------------------------------
     0 | D:1      | qw the Naga Hunter began the quest for the Orb.
     0 | D:1      | Reached XP level 1. HP: 19/19 MP: 1/1
     0 | D:1      | 0 ||| qw: Version: 0.3-a-2-g5ab2908
     0 | D:1      | 0 ||| qw: Game counter: 320
     0 | D:1      | 0 ||| qw: Always use a shield: true
     0 | D:1      | 0 ||| qw: God list: Okawaru
     0 | D:1      | 0 ||| qw: Allow faded altars: false
     0 | D:1      | 0 ||| qw: Do Orc after D:15 true
     0 | D:1      | 0 ||| qw: Do second Lair branch before Depths: true
     0 | D:1      | 0 ||| qw: Lair rune preference: random
     0 | D:1      | 0 ||| qw: Plans: Normal
     0 | D:1      | 0 ||| PLANNING D:1-11
    81 | D:1      | 81 ||| INVOKING Spit Poison.
    84 | D:1      | 84 ||| INVOKING Spit Poison.
   108 | D:1      | 108 ||| INVOKING Spit Poison.
   124 | D:1      | 124 ||| INVOKING Spit Poison.
   129 | D:1      | 129 ||| INVOKING Spit Poison.
   132 | D:1      | Reached skill level 4 in Ranged Weapons
   132 | D:1      | Reached XP level 2. HP: 18/26 MP: 2/2
   178 | D:1      | 178 ||| INVOKING Spit Poison.
   198 | D:1      | 198 ||| INVOKING Spit Poison.
   202 | D:1      | 202 ||| INVOKING Spit Poison.
   208 | D:1      | 208 ||| INVOKING Spit Poison.
   233 | D:1      | 233 ||| INVOKING Spit Poison.
   243 | D:1      | 243 ||| INVOKING Spit Poison.
   303 | D:1      | Found Byckuid's Assorted Antiques.
   307 | D:1      | 307 ||| READING scroll labelled TUVYEPN RIEPA.
   308 | D:1      | 308 ||| DROPPING scroll of butterflies.
   322 | D:1      | Found Jaterar's Assorted Antiques.
   331 | D:1      | 331 ||| SHOPLISTING agate-encrusted ring mail (162 gold,
                  | have 21).
   331 | D:1      | 331 ||| SHOPLISTING blackened brass wand (72 gold, have
                  | 21).
   331 | D:1      | 331 ||| BUYING golden potion (16 gold).
   331 | D:1      | Bought a golden potion for 16 gold pieces
   331 | D:1      | 331 ||| SHOPLISTING pair of gloves (81 gold, have 5).
   331 | D:1      | 331 ||| SHOPLISTING scroll labelled WODUEHIPLO (18 gold,
                  | have 5).
   341 | D:1      | 341 ||| INVOKING Spit Poison.
   448 | D:1      | Found Kiarcheb's Antique Armour Shoppe.
   450 | D:1      | 450 ||| INVOKING Spit Poison.
   463 | D:1      | Reached XP level 3. HP: 32/32 MP: 3/3
   471 | D:1      | 471 ||| SHOPLISTING cloak (90 gold, have 58).
   482 | D:1      | 482 ||| INVOKING Spit Poison.
   486 | D:1      | Found Ituor's General Store.
   487 | D:1      | 487 ||| INVOKING Spit Poison.
   494 | D:1      | 494 ||| SHOPLISTING +3 leather armour of poison resistance
                  | (294 gold, have 82).
   494 | D:1      | 494 ||| BUYING potion of enlightenment (70 gold).
   494 | D:1      | Bought a potion of enlightenment for 70 gold pieces
   494 | D:1      | 494 ||| SHOPLISTING potion of haste (140 gold, have 12).
   494 | D:1      | 494 ||| SHOPLISTING potion of heal wounds (70 gold, have
                  | 12).
   500 | D:1      | 500 ||| INVOKING Spit Poison.
   503 | D:1      | 503 ||| INVOKING Spit Poison.
   506 | D:1      | 506 ||| INVOKING Spit Poison.
   522 | D:1      | 522 ||| INVOKING Spit Poison.
   527 | D:1      | 527 ||| INVOKING Spit Poison.
   575 | D:1      | Found Cezuxiomm's Book Emporium.
   578 | D:1      | 578 ||| INVOKING Spit Poison.
   589 | D:1      | 589 ||| INVOKING Spit Poison.
   590 | D:1      | 590 ||| INVOKING Spit Poison.
   813 | D:1      | 813 ||| READING scroll labelled VOPAEX EGICSUDO.
   814 | D:1      | 814 ||| READING scroll labelled PUBLIOG QIOPH.
   972 | D:2      | 972 ||| INVOKING Spit Poison.
  1017 | D:2      | 1017 ||| INVOKING Spit Poison.
  1033 | D:2      | 1033 ||| INVOKING Spit Poison.
  1056 | D:2      | 1056 ||| INVOKING Spit Poison.
  1059 | D:2      | 1059 ||| INVOKING Spit Poison.
  1168 | D:2      | 1168 ||| INVOKING Spit Poison.
  1178 | D:2      | 1178 ||| INVOKING Spit Poison.
  1179 | D:2      | Reached skill level 5 in Ranged Weapons
  1236 | D:2      | 1236 ||| INVOKING Spit Poison.
  1240 | D:2      | Reached XP level 4. HP: 39/39 MP: 4/4
  1279 | D:2      | 1279 ||| INVOKING Spit Poison.
  1280 | D:2      | You fall into a shaft and drop 1 floor!
  1288 | D:3      | 1288 ||| INVOKING Spit Poison.
  1302 | D:3      | 1302 ||| Stepping ~*~*~tactically~*~*~ (outnumbered).
  1304 | D:3      | 1304 ||| Stepping ~*~*~tactically~*~*~ (outnumbered).
  1306 | D:3      | 1306 ||| INVOKING Spit Poison.
  1312 | D:3      | Reached skill level 3 in Fighting
  1313 | D:3      | 1313 ||| INVOKING Spit Poison.
  1317 | D:3      | 1317 ||| INVOKING Spit Poison.
  1319 | D:3      | HP: 10/42 [orc wizard/+0 dagger (2)]
  1321 | D:3      | Reached XP level 5. HP: 11/49 MP: 5/5
  1321 | D:3      | 1321 ||| INVOKING Spit Poison.
  1324 | D:3      | HP: 5/49 [ball python (2)]
  1326 | D:3      | 1326 ||| INVOKING Spit Poison.
  1518 | D:3      | 1518 ||| INVOKING Spit Poison.
  1522 | D:3      | 1522 ||| READING scroll labelled EFFUIMP UGHIL.
  1523 | D:3      | 1523 ||| READING 2 scrolls labelled DARITI YQAST.
  1524 | D:3      | 1524 ||| READING scroll labelled KEVERCHU HEIZ.
  1525 | D:3      | 1525 ||| READING scroll labelled WODUEHIPLO.
  1526 | D:3      | 1526 ||| READING scroll labelled QABOEGH WIRIL.
  1527 | D:3      | 1527 ||| DROPPING scroll of fear.
  1606 | D:2      | 1606 ||| INVOKING Spit Poison.
  1628 | D:2      | 1628 ||| INVOKING Spit Poison.
  1633 | D:2      | 1633 ||| INVOKING Spit Poison.
  1681 | D:2      | 1681 ||| INVOKING Spit Poison.
  1781 | D:2      | 1781 ||| INVOKING Spit Poison.
  1822 | D:2      | 1822 ||| READING scroll labelled GIROM WOCLY.
  1825 | D:2      | 1825 ||| READING 2 scrolls labelled MADWUJ OHENI.
  1826 | D:2      | 1826 ||| DROPPING scroll of fog.
  1921 | D:3      | Found a faded altar of an unknown god.
  1924 | D:3      | 1924 ||| INVOKING Spit Poison.
  1942 | D:3      | Found a glowing golden altar of the Shining One.
  1944 | D:3      | 1944 ||| INVOKING Spit Poison.
  2022 | D:3      | 2022 ||| INVOKING Spit Poison.
  2048 | D:3      | 2048 ||| INVOKING Spit Poison.
  2064 | D:3      | 2064 ||| INVOKING Spit Poison.
  2107 | D:3      | 2107 ||| INVOKING Spit Poison.
  2194 | D:3      | 2194 ||| READING scroll labelled LOUCATS OROLOBB.
  2295 | D:3      | 2295 ||| READING scroll labelled ORPHES ZIDGH.
  2313 | D:4      | 2313 ||| INVOKING Spit Poison.
  2318 | D:4      | 2318 ||| INVOKING Spit Poison.
  2321 | D:4      | 2321 ||| INVOKING Spit Poison.
  2350 | D:4      | 2350 ||| INVOKING Spit Poison.
  2359 | D:4      | 2359 ||| INVOKING Spit Poison.
  2363 | D:4      | 2363 ||| INVOKING Spit Poison.
  2367 | D:4      | 2367 ||| INVOKING Spit Poison.
  2512 | D:4      | 2512 ||| INVOKING Spit Poison.
  2514 | D:4      | Reached skill level 6 in Ranged Weapons
  2554 | D:4      | 2554 ||| INVOKING Spit Poison.
  2556 | D:4      | 2556 ||| Stepping ~*~*~tactically~*~*~ (outnumbered).
  2558 | D:4      | Reached XP level 6. HP: 56/56 MP: 6/6
  2561 | D:4      | 2561 ||| INVOKING Spit Poison.
  2566 | D:4      | 2566 ||| INVOKING Spit Poison.
  2571 | D:4      | 2571 ||| INVOKING Spit Poison.
  2574 | D:4      | HP: 12/57 [gnoll/+0 whip[a gnoll bouda] (5)]
  2575 | D:4      | 2575 ||| READING 2 scrolls of teleportation.
  2575 | D:4      | HP: 3/57 [gnoll/+0 whip[a gnoll bouda] (8)]
  2575 | D:4      | HP: 1/57 [gnoll/+0 whip[a gnoll bouda] (2)]
  2576 | D:4      | 2576 ||| INVOKING Spit Poison.
  2576 | D:4      | Mangled by a gnoll

Levels and vault maps discovered:
D:1:      dpeg_arrival_castle, layout_loops_ring, serial_shops, shop,
          nicolae_shop_tiny_statue_garden, nicolae_shop_gibbet_a_chance,
          nicolae_shop_peninsula, shop_coins
D:2:      kennysheep_six_static_rooms, layout_loops_ring
D:3:      layout_rooms, mainiacjoe_overflow_tiny_flanked,
          shapermc_ecumenical_altar_acropolis
D:4:      layout_basic

Skill      XL: |  1  2  3  4  5 |
---------------+----------------+-----
Ranged Weapons | 4 5 6 |  6.0
Fighting       | 3 |  3.6
Dodging        | |  1.5
Stealth        | |  1.5

Action                     |  1- 3 |  4- 6 || total
---------------------------+-------+-------++-------
   Fire: Shortbow          |    63 |    83 ||   146
Ability: Spit Poison       |    30 |    32 ||    62
    Use: Scroll            |     3 |    10 ||    13
 Armour: Leather armour    |     1 |    18 ||    19
  Dodge: Dodged            |    12 |    23 ||    35

Table legend:
 A = Non-vault XP
 B = Vault XP
 C = Vault XP percentage of total XP
 D = Non-vault monster count
 E = Vault monster count
 F = Vault count percentage of total count
                 A         B        C        D         E       F
            +---------+---------+-------+---------+---------+-------
      Total |     370 |      34 |   8.4 |      77 |       6 |   7.2
            +---------+---------+-------+---------+---------+-------
        D:1 |      67 |       0 |   0.0 |      32 |       0 |   0.0
        D:2 |      17 |      34 |  66.7 |      12 |       6 |  33.3
        D:3 |     104 |       0 |   0.0 |      19 |       0 |   0.0
        D:4 |     182 |       0 |   0.0 |      14 |       0 |   0.0
            +---------+---------+-------+---------+---------+-------
